 Dungeon Crawl Stone Soup version 0.23.2-40-g277498a001 (webtiles) character file.

Game seed: 6394512624652274218

37 Amanar the Skirmisher (level 3, -1/24 HPs)
             Began as a Gargoyle Fighter on Sept 18, 2019.
             Slain by a hobgoblin (3 damage)
             ... on level 2 of the Dungeon.
             The game lasted 00:03:42 (757 turns).

Amanar the Skirmisher (Gargoyle Fighter)             Turns: 757, Time: 00:03:42

Health: -1/24      AC: 11    Str: 20    XL:     3   Next: 41%
Magic:  3/3        EV:  7    Int:  8    God:
Gold:   22         SH: 10    Dex:  9    Spells: 2/2 levels left

rFire    . . .     SeeInvis .   b - +0 hunting sling (curse)
rCold    . . .     Gourm    .   c - +1 shield
rNeg     + . .     Faith    .   n - +0 scale mail
rPois    ∞         Spirit   .   h - +0 helmet
rElec    +         Reflect  .   (no cloak)
rCorr    .         Harm     .   (no gloves)
MR       .....                  (no boots)
Stlth    ..........             (no amulet)
HPRegen  0.08/turn              (no ring)
MPRegen  0.08/turn              (no ring)

@: no status effects
A: negative energy resistance 1, electricity resistance, unbreathing,
petrification resistance, rot immunity, AC +3
a: no special abilities


You were on level 2 of the Dungeon.
You were not hungry.

You visited 1 branch of the dungeon, and saw 2 of its levels.

You collected 22 gold pieces.

Inventory:

Hand Weapons
 a - a +0 flail
 b - a cursed +0 hunting sling (weapon)
   (You found it on level 2 of the Dungeon)
Armour
 c - a +1 shield (worn)
 h - a +0 helmet (worn)
   (You found it on level 1 of the Dungeon)
 n - a +0 scale mail (worn)
Jewellery
 k - an uncursed ring of resist corrosion {unknown}
   (You found it on level 1 of the Dungeon)
Potions
 d - a potion of might
 g - 2 potions of heal wounds {unknown}
 i - 2 potions of curing {unknown}
 j - a potion of haste {unknown}
 l - a potion of mutation {unknown}
Comestibles
 e - 4 rations {!d}


   Skills:
 + Level 3.7 Fighting
 + Level 2.5 Maces & Flails
 * Level 0.0 Slings
 + Level 3.7 Armour
 + Level 3.7 Shields


You had 2 spell levels left.
You didn't know any spells.
Your spell library was empty.

Dungeon Overview and Level Annotations

Branches:
Dungeon (2/15)

Altars:


Innate Abilities, Weirdness & Mutations

You are resistant to torment.
Your stone body is resilient. (AC +3)
You are immune to poison.
You resist negative energy. (rN+)
You are resistant to electric shocks. (rElec)
You can survive without breathing.
You are immune to petrification.
You are immune to rotting.


Message History

Unknown command.
You block the hobgoblin's attack. You block the rat's attack.
Unknown command.
The hobgoblin hits you but does no damage.
You block the rat's attack.
Unknown command.
The hobgoblin barely misses you. The rat bites you.
* * * LOW HITPOINT WARNING * * *
The hobgoblin hits you but does no damage.
The rat closely misses you.
The hobgoblin hits you but does no damage.
You block the rat's attack.
Unknown command.
You block the hobgoblin's attack. The rat bites you but does no damage.
Unknown command.
You block the hobgoblin's attack. The rat bites you but does no damage.
Unknown command.
The hobgoblin closely misses you. The rat bites you but does no damage.
Unknown command.
You block the hobgoblin's attack. The rat closely misses you.
The hobgoblin hits you but does no damage.
The rat closely misses you.
Unknown command.
You block the hobgoblin's attack. The rat bites you but does no damage.
Unknown command.
The hobgoblin hits you but does no damage.
The rat bites you but does no damage. You block the hobgoblin's attack.
You block the rat's attack.
Unknown command.
The hobgoblin hits you but does no damage.
The rat bites you but does no damage.
Unknown command.
The hobgoblin hits you.
* * * LOW HITPOINT WARNING * * *
The rat bites you but does no damage.
The hobgoblin hits you but does no damage.
You block the rat's attack.
Unknown command.
You block the hobgoblin's attack. You block the rat's attack.
Unknown command.
You block the hobgoblin's attack. You block the rat's attack.
Unknown command.
You block the hobgoblin's attack. The rat closely misses you.
The hobgoblin hits you but does no damage.
You block the rat's attack.
Unknown command.
You block the hobgoblin's attack. You block the rat's attack.
Unknown command.
The hobgoblin hits you.
You die...

..## ...+ ...# ...#
'### .# .#
.######################
...............r@grr..#
.###.################.#
.# #.## .# #..# .# ##.#
#####.# ....#.# ≈≈≈.'.#
....###


You could see 2 quokkas, a hobgoblin and a rat.

Vanquished Creatures
  2 dart slugs (D:1)
  A worm (D:2)
  3 leopard geckos (D:1)
  4 bats (D:1)
  2 goblins (D:1)
  2 hobgoblins (D:1)
  6 jackals (D:2)
  A ball python (D:1)
  2 frilled lizards
  A kobold (D:1)
  2 rats (D:1)
26 creatures vanquished.

Notes
Turn   | Place    | Note
-------+----------+-------------------------------------------
     0 | D:1      | Amanar the Gargoyle Fighter began the quest for the Orb.
     0 | D:1      | Reached XP level 1. HP: 14/14 MP: 1/1
    83 | D:1      | Reached XP level 2. HP: 16/19 MP: 2/2
   277 | D:1      | Reached XP level 3. HP: 23/23 MP: 3/3
   750 | D:2      | HP: 1/24 [hobgoblin (2)]
   757 | D:2      | Slain by a hobgoblin

Action                   || total
-------------------------++-------
Melee: Flail             ||   115
       Hunting sling     ||    85
  Use: Scroll            ||     1
Armor: Scale mail        ||   225
Dodge: Dodged            ||   115
Block: Shield            ||   221
